General information
- name: BNet
- type: Ladder team game (AT/RT)
- host: Battle.net
- saver: BRUCEWILLISUSA
map: FullScaleAssault
- players: 8
- length: 27:27
- speed: Fast
- version: 1.24 W3XP
- replay type: Public
» download(149 KB)
Players
team 1 (winner)

»
Jshmaddy (
purple | 27 APM | 54 actions | 02:01)
» actions
| Build / train | 6 | |
| Enter build submenu | 4 | |
| Right click | 22 | |
| Select / deselect | 18 | |
| Use ability | 4 | |
54 total
» units
» buildings
| Altar of Storms | 1 | |
| Orc Burrow | 2 | |
| Barracks | 1 | |
4 total
» build order
00:02 Altar of Storms
00:05 Orc Burrow
00:39 Barracks
01:31 Orc Burrow

»
WorstPlayahEvah (
teal | 33 APM | 893 actions | 27:27)
3 Archmage
2 Blizzard
1 Brilliance Aura
4 Paladin
2 Divine Shield
2 Holy Light
1 Tauren Chieftain
1 Shockwave
» actions
| Assign group hotkey | 3 | |
| Build / train | 104 | |
| Enter build submenu | 31 | |
| Enter hero's abilities submenu | 8 | |
| Right click | 381 | |
| Select / deselect | 250 | |
| Select group hotkey | 10 | |
| Use ability | 106 | |
893 total
» units
| Peasant | 27 | |
| Mortar Team | 5 | |
| Siege Engine | 2 | |
34 total
» upgrades
| Masonry | 2 | |
| Lumber Harvesting | 1 | |
| Gunpowder | 3 | |
| Fragmentation Shards | 1 | |
| Armor | 1 | |
| Barrage | 1 | |
| Plating | 1 | |
10 total
» buildings
| Lumber Mill | 1 | |
| Scout Tower | 12 | |
| Guard Tower | 16 | |
| Farm | 12 | |
| Altar of Kings | 1 | |
| Arcane Tower | 5 | |
| Keep | 1 | |
| Arcane Vault | 1 | |
| Town Hall | 1 | |
| Blacksmith | 1 | |
| Workshop | 2 | |
| Castle | 1 | |
54 total
» build order
00:19 Lumber Mill
01:13 Scout Tower
01:18 Scout Tower
01:41 Guard Tower
01:45 Guard Tower
01:53 Farm
01:59 Farm
02:38 Altar of Kings
02:44 Farm
03:22 Farm
03:45 Scout Tower
04:03 Farm
04:08 Farm
04:15 Guard Tower
04:18 Scout Tower
04:48 Scout Tower
04:53 Scout Tower
04:57 Scout Tower
05:00 Guard Tower
05:15 Arcane Tower
05:19 Scout Tower
05:23 Guard Tower
05:25 Guard Tower
05:29 Scout Tower
05:43 Farm
05:51 Guard Tower
05:54 Scout Tower
05:57 Arcane Tower
06:12 Keep
06:24 Guard Tower
06:33 Arcane Vault
08:40 Town Hall
08:49 Farm
09:10 Guard Tower
09:12 Guard Tower
09:19 Guard Tower
09:53 Scout Tower
10:22 Arcane Tower
10:25 Scout Tower
10:56 Guard Tower
12:16 Arcane Tower
12:18 Guard Tower
13:54 Guard Tower
14:07 Blacksmith
15:16 Arcane Tower
15:20 Guard Tower
16:07 Workshop
16:09 Castle
16:43 Guard Tower
17:15 Workshop
19:59 Farm
20:02 Farm
26:11 Farm
26:17 Farm
» items
| Ivory Tower | 21 | |
| Potion of Healing | 3 | |
| Lesser Clarity Potion | 1 | |
| Scroll of Regeneration | 1 | |
| Potion of Mana | 1 | |
27 total

»
BRUCEWILLISUSA (
green | 66 APM | 1816 actions | 27:27)
8 Blademaster
3 Wind Walk
3 Critical Strike
1 Bladestorm
1 Mirror Image
9 Tauren Chieftain
3 Endurance Aura
3 War Stomp
1 Reincarnation
2 Shockwave
» actions
| Assign group hotkey | 83 | |
| Basic commands | 113 | |
| Build / train | 131 | |
| ESC pressed | 3 | |
| Enter build submenu | 29 | |
| Enter hero's abilities submenu | 21 | |
| Give item / drop item | 6 | |
| Right click | 477 | |
| Select / deselect | 312 | |
| Select group hotkey | 466 | |
| Use ability | 175 | |
1816 total
» units
| Peon | 22 | |
| Grunt | 5 | |
| Goblin Shredder | 1 | |
| Troll Batrider | 43 | |
| Shaman | 5 | |
| Troll Witch Doctor | 4 | |
| Tauren | 5 | |
85 total
» upgrades
| Liquid Fire | 1 | |
| Shaman Training | 2 | |
| Witch Doctor Training | 2 | |
| Pulverize | 1 | |
| Ranged Weapons | 2 | |
| Armor | 2 | |
| Melee Weapons | 1 | |
11 total
» buildings
| Altar of Storms | 1 | |
| Orc Burrow | 12 | |
| War Mill | 2 | |
| Voodoo Lounge | 1 | |
| Stronghold | 4 | |
| Fortress | 2 | |
| Beastiary | 3 | |
| Great Hall | 2 | |
| Spirit Lodge | 2 | |
| Tauren Totem | 3 | |
32 total
» build order
00:09 Altar of Storms
00:13 Orc Burrow
00:54 War Mill
01:06 Voodoo Lounge
02:36 Orc Burrow
02:44 Stronghold
03:07 Stronghold
03:07 Stronghold
03:59 Orc Burrow
04:00 Orc Burrow
04:15 Orc Burrow
05:06 Fortress
05:15 Orc Burrow
05:15 Orc Burrow
05:16 Orc Burrow
05:31 Beastiary
05:32 Beastiary
05:34 Beastiary
05:51 Great Hall
06:09 Great Hall
06:11 Fortress
06:13 Spirit Lodge
06:27 Spirit Lodge
06:31 War Mill
08:51 Tauren Totem
08:52 Tauren Totem
08:57 Tauren Totem
14:06 Orc Burrow
14:08 Orc Burrow
14:27 Orc Burrow
14:27 Orc Burrow
» items
| Lesser Clarity Potion | 2 | |
| Healing Salve | 3 | |
| Scroll of Town Portal | 2 | |
| Scroll of Healing | 1 | |
| Scroll of Protection | 1 | |
9 total
U_POOP_THE_BED (
red | 17 APM | 469 actions | 27:27)
4 Blademaster
2 Mirror Image
2 Critical Strike
» actions
| Basic commands | 46 | |
| Build / train | 86 | |
| Enter build submenu | 22 | |
| Enter hero's abilities submenu | 4 | |
| Right click | 101 | |
| Select / deselect | 180 | |
| Use ability | 29 | |
469 total
» units
| Peon | 22 | |
| Troll Headhunter/Berserker | 10 | |
| Wind Rider | 36 | |
68 total
» upgrades
| Armor | 3 | |
| Ranged Weapons | 3 | |
| Spiked Barricades | 2 | |
| Troll Regeneration | 1 | |
| Berserker Upgrade | 1 | |
| Envenomed Spears | 1 | |
11 total
» buildings
| Altar of Storms | 1 | |
| Barracks | 2 | |
| Orc Burrow | 8 | |
| War Mill | 1 | |
| Stronghold | 1 | |
| Watch Tower | 6 | |
| Great Hall | 1 | |
| Fortress | 1 | |
| Beastiary | 2 | |
23 total
» build order
00:20 Altar of Storms
00:26 Barracks
01:37 Orc Burrow
01:58 War Mill
02:29 Barracks
03:15 Orc Burrow
04:11 Stronghold
04:17 Orc Burrow
05:18 Watch Tower
06:35 Great Hall
09:25 Orc Burrow
09:29 Orc Burrow
10:07 Fortress
10:24 Orc Burrow
11:50 Beastiary
11:56 Beastiary
12:23 Orc Burrow
12:57 Watch Tower
13:01 Watch Tower
14:16 Watch Tower
15:03 Orc Burrow
16:28 Watch Tower
16:35 Watch Tower
team 2 (loser)

»
Peachka (
yellow | 26 APM | 702 actions | 27:27)
4 Keeper of the Grove
2 Force of Nature
2 Entangling Roots
2 Priestess of the Moon
1 Trueshot Aura
1 Searing Arrows
» actions
| Assign group hotkey | 41 | |
| Basic commands | 12 | |
| Build / train | 68 | |
| ESC pressed | 1 | |
| Enter build submenu | 18 | |
| Enter hero's abilities submenu | 6 | |
| Remove unit from queue | 3 | |
| Right click | 167 | |
| Select / deselect | 243 | |
| Select group hotkey | 86 | |
| Use ability | 57 | |
702 total
» units
| Wisp | 18 | |
| Archer | 13 | |
| Hippogryph | 17 | |
48 total
» upgrades
| Strength of the Moon | 2 | |
| Improved Bows | 1 | |
| Hippogryph Taming | 1 | |
| Moon Armor | 1 | |
| Strength of the Wild | 1 | |
| Reinforced Hides | 1 | |
7 total
» buildings
| Moon Well | 8 | |
| Altar of Elders | 1 | |
| Ancient of War | 1 | |
| Hunter's Hall | 1 | |
| Tree of Ages | 1 | |
| Tree of Life | 3 | |
| Ancient of Wind | 2 | |
| Tree of Eternity | 1 | |
18 total
» build order
00:16 Moon Well
00:28 Altar of Elders
01:04 Ancient of War
01:45 Moon Well
02:28 Moon Well
03:23 Moon Well
04:43 Hunter's Hall
04:52 Moon Well
05:02 Tree of Ages
06:07 Tree of Life
07:15 Moon Well
09:19 Ancient of Wind
09:26 Ancient of Wind
09:30 Moon Well
12:06 Tree of Eternity
12:32 Moon Well
14:15 Tree of Life
19:06 Tree of Life
neomoons (
blue | 54 APM | 1079 actions | 19:50)
5 Far Seer
2 Feral Spirit
3 Chain Lighting
» actions
| Assign group hotkey | 15 | |
| Basic commands | 2 | |
| Build / train | 57 | |
| Enter build submenu | 28 | |
| Enter hero's abilities submenu | 6 | |
| Give item / drop item | 1 | |
| Remove unit from queue | 1 | |
| Right click | 408 | |
| Select / deselect | 230 | |
| Select group hotkey | 250 | |
| Use ability | 81 | |
1079 total
» units
| Peon | 12 | |
| Wind Rider | 7 | |
| Troll Batrider | 1 | |
| Demolisher | 4 | |
24 total
» upgrades
» buildings
| Orc Burrow | 5 | |
| Altar of Storms | 1 | |
| War Mill | 1 | |
| Voodoo Lounge | 2 | |
| Watch Tower | 12 | |
| Stronghold | 1 | |
| Beastiary | 2 | |
| Great Hall | 1 | |
| Fortress | 1 | |
| Barracks | 2 | |
28 total
» build order
00:22 Orc Burrow
00:38 Altar of Storms
01:19 Orc Burrow
01:57 War Mill
02:18 Voodoo Lounge
03:13 Watch Tower
03:16 Watch Tower
03:19 Watch Tower
03:23 Watch Tower
04:19 Stronghold
06:43 Beastiary
07:12 Beastiary
07:46 Orc Burrow
07:59 Orc Burrow
09:01 Orc Burrow
10:03 Great Hall
10:06 Voodoo Lounge
10:11 Watch Tower
13:20 Watch Tower
13:22 Watch Tower
14:03 Watch Tower
14:06 Watch Tower
14:12 Fortress
14:17 Barracks
14:21 Barracks
15:34 Watch Tower
16:11 Watch Tower
16:14 Watch Tower
» items
| Healing Salve | 4 | |
| Lesser Clarity Potion | 8 | |
| Scroll of Speed | 4 | |
| Potion of Healing | 6 | |
| Potion of Mana | 1 | |
23 total
Anatoly (
pink | 52 APM | 1002 actions | 19:19)
2 Mountain King
1 Thunder Clap
1 Storm Bolt
1 Paladin
1 Holy Light
» actions
| Basic commands | 20 | |
| Build / train | 87 | |
| Enter build submenu | 25 | |
| Enter hero's abilities submenu | 3 | |
| Give item / drop item | 2 | |
| Remove unit from queue | 2 | |
| Right click | 604 | |
| Select / deselect | 206 | |
| Use ability | 53 | |
1002 total
» units
| Peasant | 26 | |
| Footman | 13 | |
| Rifleman | 1 | |
| Mortar Team | 4 | |
| Sorceress | 3 | |
| Priest | 13 | |
| Siege Engine | 1 | |
61 total
» upgrades
| Armor | 2 | |
| Plating | 2 | |
| Swords | 2 | |
| Priest Training | 2 | |
| Sorceress Training | 2 | |
| Barrage | 1 | |
11 total
» buildings
| Altar of Kings | 1 | |
| Farm | 13 | |
| Barracks | 1 | |
| Lumber Mill | 1 | |
| Arcane Vault | 1 | |
| Blacksmith | 1 | |
| Town Hall | 2 | |
| Keep | 1 | |
| Castle | 1 | |
| Arcane Sanctum | 2 | |
| Workshop | 2 | |
| Gryphon Aviary | 1 | |
27 total
» build order
00:11 Altar of Kings
00:14 Farm
00:27 Barracks
00:52 Farm
01:23 Lumber Mill
02:42 Farm
03:07 Farm
03:14 Arcane Vault
03:26 Farm
04:01 Blacksmith
04:33 Farm
07:04 Town Hall
08:06 Keep
08:27 Farm
08:31 Farm
09:22 Farm
09:24 Farm
10:20 Farm
10:23 Farm
10:28 Castle
10:34 Arcane Sanctum
10:37 Arcane Sanctum
10:41 Workshop
10:48 Workshop
10:57 Gryphon Aviary
11:08 Farm
17:50 Town Hall
» items
| Scroll of Regeneration | 2 | |
| Lesser Clarity Potion | 2 | |
| Healing Salve | 1 | |
5 total
lIlIlIlIlIlIlII (
orange | 85 APM | 2347 actions | 27:27)
4 Archmage
1 Summon Water Elemental
2 Brilliance Aura
1 Blizzard
1 Paladin
1 Holy Light
» actions
| Assign group hotkey | 24 | |
| Basic commands | 17 | |
| Build / train | 83 | |
| ESC pressed | 4 | |
| Enter build submenu | 48 | |
| Enter hero's abilities submenu | 5 | |
| Give item / drop item | 3 | |
| Right click | 916 | |
| Select / deselect | 367 | |
| Select group hotkey | 766 | |
| Use ability | 114 | |
2347 total
» units
| Peasant | 10 | |
| Footman | 6 | |
| Goblin Shredder | 1 | |
| Goblin Zeppelin | 3 | |
| Rifleman | 4 | |
| Gryphon Rider | 5 | |
29 total
» upgrades
| Defend | 1 | |
| Masonry | 3 | |
| Armor | 3 | |
| Gunpowder | 3 | |
| Long Rifles | 1 | |
| Swords | 2 | |
| Animal War Training | 1 | |
| Cloud | 1 | |
| Storm Hammers | 1 | |
16 total
» buildings
| Altar of Kings | 2 | |
| Barracks | 4 | |
| Farm | 13 | |
| Scout Tower | 12 | |
| Arcane Tower | 2 | |
| Lumber Mill | 2 | |
| Keep | 2 | |
| Blacksmith | 2 | |
| Arcane Vault | 1 | |
| Town Hall | 1 | |
| Guard Tower | 8 | |
| Gryphon Aviary | 4 | |
| Castle | 2 | |
55 total
» build order
00:09 Altar of Kings
00:11 Altar of Kings
00:13 Barracks
00:15 Farm
00:59 Farm
01:38 Farm
01:57 Scout Tower
02:29 Arcane Tower
02:53 Farm
03:34 Lumber Mill
04:01 Farm
04:15 Farm
04:58 Farm
05:15 Keep
05:15 Keep
05:26 Farm
05:42 Farm
06:16 Blacksmith
06:19 Arcane Vault
07:01 Town Hall
07:05 Scout Tower
07:08 Scout Tower
07:09 Scout Tower
07:10 Scout Tower
07:30 Farm
07:31 Farm
07:50 Guard Tower
07:51 Scout Tower
07:56 Arcane Tower
07:56 Guard Tower
07:57 Guard Tower
08:26 Guard Tower
09:07 Gryphon Aviary
09:16 Gryphon Aviary
09:18 Gryphon Aviary
10:04 Gryphon Aviary
10:05 Castle
11:20 Barracks
11:25 Farm
11:28 Barracks
11:30 Barracks
11:36 Blacksmith
11:58 Scout Tower
12:10 Lumber Mill
12:31 Guard Tower
12:32 Scout Tower
12:48 Farm
12:50 Scout Tower
12:51 Scout Tower
13:05 Scout Tower
13:05 Guard Tower
13:07 Scout Tower
13:30 Guard Tower
13:35 Guard Tower
» items
| Scroll of Regeneration | 6 | |
| Potion of Healing | 2 | |
| Orb of Fire | 1 | |
| Scroll of Town Portal | 3 | |
12 total
Chat log
(00:15 / All) U_POOP_THE_BED: hey orange be sure to quit u fag
(00:21 / All) lIlIlIlIlIlIlII: hi pussy
(00:22 / All) BRUCEWILLISUSA: haha yeah cery more
(00:23 / All) BRUCEWILLISUSA: cry more
(00:32 / All) lIlIlIlIlIlIlII: u mad spic?
(00:35 / Allies) WorstPlayahEvah: forward basing
(00:43 / Allies) BRUCEWILLISUSA: gl with that
(00:44 / Allies) Jshmaddy: k
(00:45 / Allies) BRUCEWILLISUSA: ornage maphacks
(00:47 / Allies) BRUCEWILLISUSA: so he will jck u up
(00:55 / Allies) WorstPlayahEvah: we'll see
(00:59 / Allies) Jshmaddy: that takes the fun out of the game
(01:10 / All) lIlIlIlIlIlIlII: little spic your father mows my lawn
(01:31 / All) U_POOP_THE_BED: hope ur family dies on xmas orange fag
(01:35 / All) lIlIlIlIlIlIlII: CRYMORECRYMORECRYMORECRYMORECRYMORE
(01:45 / All) lIlIlIlIlIlIlII: cowards like u can only hope
(01:53 / All) lIlIlIlIlIlIlII: u have no balls to make it hapen
(02:01 / Allies) WorstPlayahEvah: who's got him?
(02:07 / All) lIlIlIlIlIlIlII: CRYMORECRYMORECRYMORECRYMORECRYMORE
(06:21 / Allies) WorstPlayahEvah: secure
(11:02 / All) lIlIlIlIlIlIlII: CRYMORECRYMORECRYMORECRYMORECRYMORE
(11:09 / All) lIlIlIlIlIlIlII: damn
(11:14 / All) BRUCEWILLISUSA: ;_;
(17:35 / Allies) BRUCEWILLISUSA: lets hit
(20:14 / All) lIlIlIlIlIlIlII: haha want themage stupid?
(20:19 / All) BRUCEWILLISUSA: noob
(20:22 / All) BRUCEWILLISUSA: get raped
(20:23 / All) BRUCEWILLISUSA: 3v4
(20:30 / All) lIlIlIlIlIlIlII: big deal i got noobs
(20:33 / All) lIlIlIlIlIlIlII: 1v1?
(20:35 / All) BRUCEWILLISUSA: bawwww
(20:36 / All) BRUCEWILLISUSA: noob
(20:38 / All) lIlIlIlIlIlIlII: like how u 1v1 last time?
(20:41 / All) lIlIlIlIlIlIlII: and lost bad
(20:43 / All) U_POOP_THE_BED: hahaha fuck u orange quit u fag
(20:45 / All) lIlIlIlIlIlIlII: that was funny wasnt it?
(20:47 / All) BRUCEWILLISUSA: u got raped
(20:49 / All) BRUCEWILLISUSA: on echo isles
(20:50 / All) BRUCEWILLISUSA: dumb noob
(20:52 / All) lIlIlIlIlIlIlII: 1v1?
(20:56 / All) lIlIlIlIlIlIlII: wait i have replay
(21:00 / All) lIlIlIlIlIlIlII: aww too bad
(21:02 / All) BRUCEWILLISUSA: put it up on high perch
(21:16 / All) lIlIlIlIlIlIlII: ok puss
(21:22 / All) lIlIlIlIlIlIlII: u know u got beaten so bad
(21:27 / All) lIlIlIlIlIlIlII: u thought u were good haha
(21:28 / All) BRUCEWILLISUSA: put the replay uyp
(21:30 / All) BRUCEWILLISUSA: i dont have it anymore
(21:32 / All) lIlIlIlIlIlIlII: ok
(21:34 / All) lIlIlIlIlIlIlII: puss
(21:38 / All) lIlIlIlIlIlIlII: 1v1 after this?
(21:44 / All) lIlIlIlIlIlIlII: gn = 55555
(21:48 / All) lIlIlIlIlIlIlII: with full observers
(21:50 / All) lIlIlIlIlIlIlII: ok?
(22:05 / All) BRUCEWILLISUSA: if you upload
(22:06 / All) BRUCEWILLISUSA: the old replay
(22:08 / All) lIlIlIlIlIlIlII: im going to go watch the news now while u finish up
(22:09 / All) BRUCEWILLISUSA: ill play you again
(22:13 / All) BRUCEWILLISUSA: otherwise youll just lie more
(22:14 / All) lIlIlIlIlIlIlII: haha u scared
(22:15 / All) BRUCEWILLISUSA: about winning
(22:27 / All) lIlIlIlIlIlIlII: pussay
(22:31 / All) lIlIlIlIlIlIlII: llittle spic pussay
(22:40 / All) lIlIlIlIlIlIlII: tell your mom to clean my toilet
(22:47 / All) lIlIlIlIlIlIlII: afk for a bit
(23:41 / All) BRUCEWILLISUSA: rofl
(23:45 / All) BRUCEWILLISUSA: furiously managing your 2 bases
(23:50 / All) BRUCEWILLISUSA: trying to prolong your rape
(23:57 / All) BRUCEWILLISUSA: upload the old replay of me raping you 1v1
(24:00 / All) BRUCEWILLISUSA: and ill play you again
(24:02 / All) BRUCEWILLISUSA: free lesson
(25:26 / All) BRUCEWILLISUSA: run noob
(26:37 / All) BRUCEWILLISUSA: easy rape
(26:43 / All) BRUCEWILLISUSA: losing a player made it a sealed deal
(26:51 / All) BRUCEWILLISUSA: pro gamer can run 2 bases better than any 2 noobs any day